 Dungeon Crawl Stone Soup version 0.30-a0-739-gea05faddec (webtiles) character file.

Game seed: 15440490597457319603

1048 Iich the Cleaver (level 8, -8/73 HPs)
             Began as a Minotaur Fighter on Feb 4, 2023.
             Mangled by a two-headed ogre
             ... wielding a +0 giant club
              (22 damage)
             ... on level 6 of the Dungeon on Feb 5, 2023.
             The game lasted 00:10:02 (5635 turns).

Iich the Cleaver (Minotaur Fighter)                 Turns: 5635, Time: 00:10:02

Health: -8/73      AC: 14    Str: 27    XL:     8   Next: 5%
Magic:  7/7        EV:  8    Int:  4    God:
Gold:   337        SH:  5    Dex: 15    Spells: 7/7 levels left

rFire   . . .      SeeInvis .    a - +0 war axe
rCold   + . .      Faith    .    c - +0 buckler
rNeg    . . .      Spirit   .    i - +4 chain mail {rC+}
rPois   +          Reflect  .    (helmet restricted)
rElec   .          Harm     .    j - +0 cloak
rCorr   .          Rampage  .    (no gloves)
Will    .....      Rnd*Tele +    (no boots) Stlth
                                 (no amulet)
HPRegen 0.32/turn                r - +6 ring of strength
MPRegen 0.10/turn                (no ring)

@: no status effects
A: horns 2, retaliatory headbutt, agile 1, poison resistance, teleportitis 1, no
potion heal 1
a: no special abilities


You were on level 6 of the Dungeon.
You visited 2 branches of the dungeon, and saw 7 of its levels.
You also visited: Sewer.

You collected 337 gold pieces.

Inventory:

Hand Weapons
 a - a +0 war axe (weapon)
Armour
 b - a +1 scale mail
 c - a +0 buckler (worn)
 i - a +4 chain mail of cold resistance (worn)
 j - a +0 cloak (worn)
Jewellery
 r - a +6 ring of strength (left hand)
Scrolls
 f - 3 scrolls of teleportation
 h - 2 scrolls of immolation
 l - a scroll of silence {unknown}
 m - a scroll of poison
 n - a scroll of vulnerability
 o - a scroll of fear
 t - 2 scrolls of noise {unknown}
 u - a scroll of brand weapon {unknown}
 x - a scroll of enchant weapon {unknown}
 y - a scroll of identify
Potions
 d - 3 potions of might
 e - a potion of lignification
 g - a potion of heal wounds {unknown}
 k - a potion of attraction
 p - a potion of degeneration {unknown}
 q - a potion of invisibility
 s - 5 potions of flight
 v - a potion of magic
 w - a potion of brilliance {unknown}


   Skills:
 + Level 7.4 Fighting
 * Level 9.5 Axes
 - Level 3.6 Armour
 - Level 3.6 Shields


You had 7 spell levels left.
You didn't know any spells.
Your spell library contained the following spells:

 Spells                   Type           Power      Damage    Failure   Level
 Necrotise                Necr           0%         1d4       99%         1
 Slow                     Hex            0%         N/A       99%         1
 Confusing Touch          Hex            0%         N/A       100%        3
 Vampiric Draining        Necr           0%         2d6       100%        3
 Leda's Liquefaction      Hex/Erth       0%         N/A       100%        4
 Agony                    Necr           0%         N/A       100%        5
 Lee's Rapid Deconstruct  Erth           0%         3d4*      100%        5
 Conjure Ball Lightning   Conj/Air       0%         3x3d6     100%        6
 Statue Form              Tmut/Erth      0%         N/A       100%        6
 Discord                  Hex            0%         N/A       100%        8
 Disjunction              Tloc           0%         N/A       100%        8


Dungeon Overview and Level Annotations

Branches:
Dungeon (6/15)             Temple (1/1) D:4           Sewer (visited)

Altars:
Ashenzari
Cheibriados
Dithmenos
Elyvilon
Hepliaklqana
Kikubaaqudgha
Makhleb
Okawaru
Qazlal
Ru
Sif Muna
Trog
Uskayaw
Vehumet
Xom
Yredelemnul
The Shining One


Innate Abilities, Weirdness & Mutations

You have a pair of horns on your head.
You reflexively headbutt those who attack you in melee.
You are agile. (Dex +4, Str/Int -1)
Your system is resistant to poisons. (rPois)
You are occasionally teleported next to monsters.
Potions are less effective at restoring your health.


Message History

The ufetubus is severely wounded.
The two-headed ogre shouts in stereo!
The ufetubus closely misses you. The ufetubus barely misses you. x2
The ufetubus closely misses you.
You closely miss the ufetubus.
The ufetubus is severely wounded.
You block the ufetubus's attack. The ufetubus barely misses you.
You block the ufetubus's attack. The ufetubus hits you.
You hit the ufetubus but do no damage. Your headbutt misses the ufetubus.
The ufetubus is severely wounded.
You block the ufetubus's attack. x2
You slash the ufetubus!
You kill the ufetubus!
You slash the two-headed ogre!
The two-headed ogre is lightly wounded.
You block the two-headed ogre's attack.
The two-headed ogre hits you with a +0 giant club!
You hit the two-headed ogre.
The two-headed ogre is lightly wounded.
The two-headed ogre hits you with a +0 giant club!!
* * * LOW HITPOINT WARNING * * *
The two-headed ogre hits you with a +0 giant club.
* * * LOW HITPOINT WARNING * * *
You are too injured to fight recklessly!
You are too injured to fight recklessly!
You are too injured to fight recklessly!
You are too injured to fight recklessly!
You are too injured to fight recklessly!
You barely miss the two-headed ogre. You headbutt the two-headed ogre.
The two-headed ogre is moderately wounded.
You hit the two-headed ogre.
The two-headed ogre is moderately wounded.
The two-headed ogre hits you with a +0 giant club!
* * * LOW HITPOINT WARNING * * *
The two-headed ogre hits you with a +0 giant club.
* * * LOW HITPOINT WARNING * * *
You barely miss the two-headed ogre.
The two-headed ogre is moderately wounded.
The two-headed ogre hits you with a +0 giant club!!
You die...

#........ .# ###........
#.###........... #.#
...#..##...S.... ? ..
............<... .. #.
...# ###.....O.. ...##.#
..# #........
......###O.######......<.
#.....@.............)..
##?...#.######....()(..
#.....#.# ##.##.#..#
.....###...#######.
#.##.# .................
.. ... #########..######
.## #.. #.....[..... #.#
###########...####..(
#.........#.#.# #..


You could see a two-headed ogre.

Vanquished Creatures
  Edmund (D:5)
  An ice beast (D:5)
  A kobold brigand (D:6)
  A bullfrog (D:5)
  2 scorpions
  2 howler monkeys (D:5)
  A hound (D:5)
  An orc priest (D:3)
  An orc wizard (D:3)
  2 iguanas
  A sickly merfolk siren (Sewer)
  A malarious merfolk avatar (Sewer)
  Robin (D:3)
  A gnoll (D:5)
  11 adders
  4 river rats
  2 white imps (D:6)
  2 ufetubi
  2 worms
  2 dart slugs (D:1)
  12 orcs
  5 endoplasms
  7 giant cockroaches
  10 goblins
  12 hobgoblins
  7 jackals (D:3)
  5 quokkas
  11 ball pythons
  6 frilled lizards
  10 kobolds
  30 rats
155 creatures vanquished.

Notes
Turn   | Place    | Note
-------+----------+-------------------------------------------
     0 | D:1      | Iich the Minotaur Fighter began the quest for the Orb.
     0 | D:1      | Reached XP level 1. HP: 19/19 MP: 0/0
    82 | D:1      | Reached skill level 3 in Axes
   125 | D:1      | Found a faded altar of an unknown god.
   128 | D:1      | Reached XP level 2. HP: 25/27 MP: 1/1
   945 | D:2      | Reached XP level 3. HP: 33/33 MP: 2/2
   965 | D:2      | Reached skill level 4 in Axes
  1781 | D:3      | Reached XP level 4. HP: 41/41 MP: 3/3
  1823 | D:3      | Reached skill level 5 in Axes
  1857 | D:3      | You fall into a shaft and drop 2 floors!
  1857 | D:5      | Entered Level 5 of the Dungeon
  2098 | D:5      | Noticed a scorpion
  2104 | D:5      | Killed a scorpion
  2105 | D:5      | Reached skill level 5 in Fighting
  2105 | D:5      | Reached XP level 5. HP: 45/48 MP: 4/4
  2111 | D:5      | Found a shadowy altar of Dithmenos.
  2170 | D:5      | Reached skill level 6 in Axes
  2198 | D:5      | Found a burning altar of Makhleb.
  2408 | D:5      | Reached XP level 6. HP: 53/56 MP: 5/5
  2444 | D:5      | Found a glowing drain.
  2452 | Sewer    | Entered a sewer
  2641 | Sewer    | Reached skill level 7 in Axes
  3041 | D:5      | Found an iron altar of Okawaru.
  3041 | D:5      | Found a bloodstained altar of Trog.
  3399 | D:4      | Reached XP level 7. HP: 50/63 MP: 6/6
  3516 | D:3      | Found a radiant altar of Vehumet.
  3727 | D:3      | Noticed Robin
  3743 | D:3      | Killed Robin
  3744 | D:3      | Reached skill level 8 in Axes
  4051 | D:4      | Identified the +0 robe "Ryicag" {Fly rF- Str-2 Archmagi}
  4053 | D:4      | Gained mutation: You have sharp fingernails. [potion of
                  | mutation]
  4053 | D:4      | Gained mutation: Your flesh is cold resistant. (rC+)
                  | [potion of mutation]
  4053 | D:4      | Gained mutation: You have a pair of large horns on your
                  | head. [potion of mutation]
  4071 | D:4      | Lost mutation: Your flesh is cold resistant. (rC+) [potion
                  | of mutation]
  4071 | D:4      | Lost mutation: You have a pair of large horns on your head.
                  | [potion of mutation]
  4071 | D:4      | Lost mutation: You have sharp fingernails. [potion of
                  | mutation]
  4071 | D:4      | Gained mutation: Your system is resistant to poisons.
                  | (rPois) [potion of mutation]
  4071 | D:4      | Gained mutation: You have hidden genetic defects. [potion
                  | of mutation]
  4071 | D:4      | Gained mutation: You are agile. (Dex +4, Str/Int -1)
                  | [potion of mutation]
  4396 | D:4      | Found a staircase to the Ecumenical Temple.
  4499 | Temple   | Entered the Ecumenical Temple
  4796 | D:6      | Noticed a two-headed ogre
  4802 | D:6      | HP: 2/64 [two-headed ogre/+0 giant club (23)]
  4804 | D:6      | Noticed Edmund
  5101 | D:5      | Gained mutation: Potions are less effective at restoring
                  | your health. [hidden defects]
  5112 | D:5      | HP: 2/64 [bullfrog (4)]
  5474 | D:5      | Reached skill level 9 in Axes
  5478 | D:5      | Killed Edmund
  5479 | D:5      | Reached XP level 8. HP: 38/73 MP: 7/7
  5484 | D:5      | Gained mutation: You are occasionally teleported next to
                  | monsters. [hidden defects]
  5484 | D:5      | Lost mutation: You have hidden genetic defects. [hidden
                  | defects expressed]
  5591 | D:5      | You fall into a shaft and drop 1 floor!
  5635 | D:6      | Mangled by a two-headed ogre

Illustrated notes

Levels and vault maps discovered:
D:1:      lightli_arrival_quake, layout_basic, chequers_ecumenical_altar_simple,
          nicolae_figureground_sparkle
D:2:      layout_basic, dk_noncrumbling_4, minmay_pentomino_x4
D:3:      layout_loops_cross, mainiacjoe_overflow_small_starburst, uniq_robin
D:4:      layout_loops_cross, minmay_temple_entry_poolview
D:5:      layout_basic, grunt_temple_overflow_bloody_war,
          nicolae_overflow_crystal_walls,
          mainiacjoe_overflow_concentric_impassable, portal_sewer_entry_e
D:6:      layout_rooms, uniq_edmund
Temple:   hellmonk_temple_forest_ring

Skill      XL: |  1  2  3  4  5  6  7 |
---------------+----------------------+-----
Axes           | 3 4 5 6 7 9 |  9.5
Fighting       | 4 5 6 7 |  7.4
Armour         | |  3.6
Shields        | |  3.6

Action                     |  1- 3 |  4- 6 |  7- 9 || total
---------------------------+-------+-------+-------++-------
  Melee: War axe           |    72 |   140 |    98 ||   310
         Headbutt          |     6 |    16 |    16 ||    38
    Use: Potion            |     1 |     1 |     7 ||     9
         Scroll            |     5 |     3 |     6 ||    14
 Armour: Scale mail        |    17 |    66 |    57 ||   140
         Chain mail        |       |       |     1 ||     1
  Dodge: Dodged            |    32 |    67 |    57 ||   156
  Block: Buckler           |    15 |    33 |    31 ||    79

Table legend: (Time is in decaauts)
 A = Elapsed time spent in this place.
 B = Non-inter-level travel time spent in this place.
 C = Inter-level travel time spent in this place.
 D = Time resting spent in this place.
 E = Time spent auto-exploring this place.
 F = Levels seen in this place.
 G = Mean time per level.
                   A        B        C        D        E       F      G
               +--------+--------+--------+--------+--------+-----+--------+
         Total |   5754 |   5518 |    236 |    874 |   3339 |   8 |  719.2 |
       Dungeon |   5143 |   4922 |    221 |    874 |   2946 |   6 |  857.2 |
        Temple |    163 |    149 |     14 |      0 |    139 |   1 |  163.0 |
         Sewer |    446 |    446 |      0 |      0 |    254 |   1 |  446.0 |
               +--------+--------+--------+--------+--------+-----+--------+

Top non-repeatable levels by time:
     D:5: 1780 daAuts
     D:4: 873 daAuts
     D:2: 873 daAuts
     D:1: 830 daAuts
     D:3: 718 daAuts
   Sewer: 446 daAuts
  Temple: 163 daAuts
     D:6: 67 daAuts
